cohdb
Replays
Latest Replays
All Replays
Popular Replays
Top Player Replays
Match Explorer
How It Works
Community
CoH3 Stats
Reddit
Sign in to upload your games and track your stats! →
Sign in with Steam
Match 39522501
Unlisted
Match 39522501
Overview
Messages
Build Orders
End
Vickers Machine Gun Team
Construct Section Command Post
Selects Canadian Shock Battlegroup
Infantry Section
Infantry Section
Construct Field Infirmary
Selects Offensive Resupply
Selects Canadian Shock Section
Selects Incendiary Munitions
Canadian Shock Section
Construct Platoon Command Post
6-pounder Anti-tank Gun Team
Selects Pyrotechnics
Construct Company Command Post
6-pounder Anti-tank Gun Team
Infantry Training
Selects Churchill Crocodile Heavy Tank
Churchill Crocodile Heavy Tank
Matilda II Heavy Tank
Selects Smoke Operation
Selects Smoke Operation
Smoke Operation
Armored Vehicle Training
CryPsyco
FAT G
Oom Olof
Bighazelnut
0
0
Comments
sign in to comment!
No comments posted yet!